cohdb
Replays
Latest Replays
All Replays
Popular Replays
Top Player Replays
Match Explorer
How It Works
Community
CoH3 Stats
Reddit
Sign in to upload your games and track your stats! →
Sign in with Steam
Match 41724378
Unlisted
Match 41724378
Overview
Messages
Build Orders
End
Construct Barracks
Selects Heavy Weapons
Riflemen Squad
Riflemen Squad
1⁄4-ton 4x4 Truck
Engineer Squad
Riflemen Squad
Mechanized Support Center
Construct Weapon Support Center
Construct Medical Station
Sniper
M3 Armored Personnel Carrier
Selects Assault Carriers
Selects Exchangeable Parts
Grenade Package
Construct Tank Depot
M1919 Machine Gun Team
M4A1 Sherman Medium Tank
M1 Mortar Team
DeSack'O'Potatoes
Ray Nienholds
Skyline
KevinTDW
0
0
Comments
sign in to comment!
No comments posted yet!